 Dungeon Crawl Stone Soup version 0.19.1 (webtiles) character file.

90 Miant the Insei (level 4, -1/28 HPs)
             Began as an Octopode Transmuter on Dec 13, 2016.
             Slain by Sigmund
             ... wielding a +0 scythe
              (2 damage)
             ... on level 2 of the Dungeon.
             The game lasted 00:18:02 (2828 turns).

Miant the Insei (Octopode Transmuter)               Turns: 2828, Time: 00:18:03

Health: -1/28      AC:  1    Str:  9    XL:     4   Next: 56%
Magic:  7/7        EV: 13    Int: 16    God:
Gold:   165        SH:  0    Dex: 12    Spells: 3 memorised, 2 levels left

rFire  x . .     SeeInvis .     g - +0 short sword
rCold  + . .     Gourm    .     (no shield)
rNeg   . . .     Faith    .     (helmet restricted)
rPois  .         Spirit   .     (no amulet)
rElec  .         Reflect  .     a - ring of ice
rCorr  .         Harm     .     (no ring)
MR     .....                    (no ring)
Stlth  ++........               (no ring)
                                (no ring)
                                (no ring)
                                (no ring)
                                (no ring)

@: no status effects
A: almost no armour, stealthy swim, amphibious, 8 rings, constrict 8, camouflage
1, gelatinous body 1
a: no special abilities


You were on level 2 of the Dungeon.
You were not hungry.

You visited 1 branch of the dungeon, and saw 3 of its levels.

You collected 165 gold pieces.

Inventory:

Hand Weapons
 g - a +0 short sword (weapon)
Jewellery
 a - a ring of ice (left tentacle)
Scrolls
 d - a scroll of magic mapping {unknown}
 f - a scroll of teleportation {unknown}
 h - 2 scrolls of blinking {unknown}
 i - a scroll of noise (quivered) {unknown}
 j - a scroll of recharging {unknown}
 l - 6 scrolls of identify {unknown}
 m - a scroll of enchant weapon {unknown}
 r - a scroll of fear {unknown}
Potions
 e - a potion of cancellation {unknown}
 k - a potion of heal wounds {unknown}
 n - 2 potions of lignification {unknown}
Books
 b - a book of Changes

   Spells                             Type                      Level
   a - Beastly Appendage              Transmutation                1
   b - Sticks to Snakes               Transmutation                2
   c - Spider Form                    Transmutation/Poison         3
   d - Ice Form                       Ice/Transmutation            4
   e - Blade Hands                    Transmutation                5
Comestibles
 c - a bread ration
 o - 6 chunks of flesh
 q - 5 fruits


   Skills:
 - Level 1.0 Fighting
 + Level 0.2 Short Blades
 - Level 2.0 Dodging
 + Level 4.1 Unarmed Combat
 + Level 2.5 Spellcasting
 * Level 3.0 Transmutations


You had 2 spell levels left.
You knew the following spells:

 Your Spells              Type           Power        Failure   Level  Hunger
a - Beastly Appendage     Tmut           ##....       8%          1    #......
b - Spider Form           Tmut/Pois      #.........   34%         3    ###....
c - Sticks to Snakes      Tmut           ##......     10%         2    ##.....


Dungeon Overview and Level Annotations

Branches:
Dungeon (3/15)

Altars:
Gozag
Hepliaklqana

Annotations:
D:3 Sigmund


Innate Abilities, Weirdness & Mutations

You cannot wear most types of armour.
You are very stealthy in the water. (Stealth+)
You are amphibious.
You can wear up to eight rings at the same time.
You can use your tentacles to constrict eight enemies at once.
Your skin changes colour to match your surroundings (Stealth+).
Your rubbery body absorbs attacks. (AC +1, EV +1)


Message History

A magic dart appears from out of thin air!
The magic dart hits you!
* * * LOW HITPOINT WARNING * * *
The giant cockroach bites you but does no damage.
There is an escape hatch in the ceiling, spattered with blood here.
It was a potion of curing.
You feel better.
You hear some strange, mumbled words.
A magic dart appears from out of thin air!
The magic dart hits you!
* * * LOW HITPOINT WARNING * * *
The giant cockroach closely misses you. Something hits you!
* * * LOW HITPOINT WARNING * * *
The giant cockroach misses you. A mysterious force pulls you upwards.
The hatch slams shut behind you.
Unknown command.
You hit the giant cockroach but do no damage.
Your grab misses the giant cockroach. The giant cockroach closely misses you.
Something hits you.
You die...

...##.....##.#.#.................
....##....##.#.##################
.....#....##.#'#########
._...#....##...........#
.....#...###...........#
....##รท..# #...........#
...##....# #..>........#
#.##.....# #...........#
.........# #....@......#
.........# #...s.......#
.........# #.).........#
.....)...# #...........#
########## #........[..#
#...........# #############


You could see a giant cockroach.

Vanquished Creatures
  Jessica (D:2)
  An ooze (D:1)
  A worm (D:2)
  2 dart slugs
  2 leopard geckos (D:1)
  7 goblins
  6 hobgoblins
  4 jackals
  A quokka (D:3)
  A ball python (D:2)
  6 bats
  3 frilled lizards (D:1)
  7 kobolds
  7 rats
49 creatures vanquished.

Notes
Turn   | Place    | Note
-------+----------+-------------------------------------------
     0 | D:1      | Miant the Octopode Transmuter began the quest for the Orb.
     0 | D:1      | Reached XP level 1. HP: 13/13 MP: 3/3
   251 | D:1      | Reached XP level 2. HP: 16/18 MP: 3/5
   631 | D:1      | Reached XP level 3. HP: 23/23 MP: 4/6
  1023 | D:2      | Noticed Jessica
  1034 | D:2      | Killed Jessica
  1034 | D:2      | Reached skill level 4 in Unarmed Combat
  1034 | D:2      | Reached XP level 4. HP: 10/28 MP: 7/7
  1036 | D:2      | Gained mutation: Your spells are a little harder to cast, but a little more powerful. [potion of mutation]
  1036 | D:2      | Gained mutation: Your body sometimes deteriorates upon taking damage. [potion of mutation]
  1037 | D:2      | Lost mutation: Your spells are a little harder to cast, but a little more powerful. [potion of cure mutation]
  1037 | D:2      | Lost mutation: Your body sometimes deteriorates upon taking damage. [potion of cure mutation]
  1768 | D:2      | Found a hazy altar of Hepliaklqana.
  1903 | D:2      | Learned a level 3 spell: Spider Form
  1906 | D:2      | Learned a level 2 spell: Sticks to Snakes
  2299 | D:2      | Found an opulent altar of Gozag.
  2790 | D:3      | Noticed Sigmund
  2826 | D:3      | HP: 1/28 [something (7)]
  2828 | D:2      | Slain by Sigmund

Skill      XL: |  1  2  3  4 |
---------------+-------------+-----
Unarmed Combat | 4 |  4.1
Transmutations | 3 |  3.0
Fighting       | |  1.0
Short Blades   | |  0.2
Dodging        | |  2.0
Spellcasting   | |  2.5

Action                   |  1- 3 |  4- 6 || total
-------------------------+-------+-------++-------
Melee: Unarmed           |    58 |    17 ||    75
       Kick              |    16 |       ||    16
       Constrict         |    19 |    14 ||    33
       Tentacles         |    12 |     7 ||    19
       Punch             |     2 |     3 ||     5
       Short sword       |       |    46 ||    46
 Cast: Beastly Appendage |    12 |     1 ||    13
       Spider Form       |       |     3 ||     3
  Use: Potion            |       |     3 ||     3
 Stab: Sleeping          |     4 |     1 ||     5
  Eat: Chunk             |     1 |     6 ||     7
Armor: Skin              |     7 |    12 ||    19
Dodge: Dodged            |    57 |    67 ||   124
